PL
LAS VEGAS FLAMINGOS @ PHILADELPHIA 1776 BC
09/06/2034
 
TOP OF THE 1ST
Las Vegas Flamingos batting - Pitching for Philadelphia 1776 BC : RHP Bill Tugwell
Pitching: RHP Bill Tugwell
Batting: LHB Ruud van Ineveld 0-0: Called Strike
0-1: Called Strike
0-2: Ball
1-2: Ball
2-2: Ground out 3-1 (Groundball, 34S)
Batting: RHB Sake van Arem 0-0: Ball
1-0: Ball
2-0: Ball
3-0: Called Strike
3-1: Base on Balls
Batting: RHB Baldomero Avino 0-0: Called Strike
0-1: Ball
1-1: Ball
2-1: Fly out, F7 (Flyball, 78D)
Batting: LHB Victor Adams 0-0: Ball
1-0: Called Strike
1-1: Ball
2-1: Foul Ball, location: 2F
2-2: Fly out, F8 (Flyball, 8RXD)
Top of the 1st over - 0 runs, 0 hits, 0 errors, 1 left on base; Las Vegas 0 - Philadelphia 1776 0
BOTTOM OF THE 1ST
Philadelphia 1776 BC batting - Pitching for Las Vegas Flamingos : RHP Marvin Martin
Pitching: RHP Marvin Martin
Batting: RHB Jesús Guzmán 0-0: Swinging Strike
0-1: SINGLE (Line Drive, 34D)
Batting: RHB Mario Castillo 0-0: Ball
1-0: Ball
2-0: Foul Ball, location: 2F
2-1: SINGLE (Groundball, 56D)
Jesús Guzmán to second
Batting: RHB Karl Blanke 0-0: Ball
1-0: Ball
2-0: SINGLE (Flyball, 89M)
Jesús Guzmán to third
Mario Castillo to second
Runner from 3rd tries for Home, throw and OUT!
Batting: LHB Manoo Satyavrat 0-0: Called Strike
0-1: Ball
1-1: Foul Ball, location: 2F
1-2: Ball
2-2: Fly out, F7 (Flyball, 78S)
Batting: RHB Eddie Sachs 0-0: Called Strike
0-1: Ball
1-1: SINGLE (Groundball, 56D)
Mario Castillo to third
Karl Blanke to second
Runner from 3rd tries for Home, SAFE, no throw
Batting: LHB Jake Grant 0-0: Ball
1-0: Called Strike
1-1: Ball
2-1: Swinging Strike
2-2: Ball
3-2: Fly out, F9 (Line Drive, 9D)
Bottom of the 1st over - 1 run, 4 hits, 0 errors, 2 left on base; Las Vegas 0 - Philadelphia 1776 1
TOP OF THE 2ND
Las Vegas Flamingos batting - Pitching for Philadelphia 1776 BC : RHP Bill Tugwell
Batting: LHB Ty Tomblin 0-0: Called Strike
0-1: Called Strike
0-2: Ball
1-2: Foul Ball, location: 2F
1-2: Strikes out swinging
Batting: RHB Ellis Greenham 0-0: Ball
1-0: Ground out 6-3 (Groundball, 6)
Batting: SHB Takashi Noda 0-0: Swinging Strike
0-1: Foul Ball, location: 2F
0-2: Fly out, F5 (Popup, 56S)
Top of the 2nd over - 0 runs, 0 hits, 0 errors, 0 left on base; Las Vegas 0 - Philadelphia 1776 1
BOTTOM OF THE 2ND
Philadelphia 1776 BC batting - Pitching for Las Vegas Flamingos : RHP Marvin Martin
Batting: RHB Phil Moore 0-0: Ball
1-0: Foul Ball, location: 2F
1-1: Foul Ball, location: 2F
1-2: Strikes out swinging
Batting: LHB Hai-feng Tang 0-0: Ball
1-0: Foul Ball, location: 2F
1-1: Called Strike
1-2: Foul Ball, location: 2F
1-2: Strikes out swinging
Batting: RHB Tim Burney 0-0: Called Strike
0-1: Ball
1-1: SINGLE (Groundball, 34D)
Batting: RHB Jesús Guzmán 0-0: Foul Ball, location: 2F
0-1: Ball
1-1: Called Strike
1-2: Fly out, F9 (Flyball, 9S)
Bottom of the 2nd over - 0 runs, 1 hit, 0 errors, 1 left on base; Las Vegas 0 - Philadelphia 1776 1
TOP OF THE 3RD
Las Vegas Flamingos batting - Pitching for Philadelphia 1776 BC : RHP Bill Tugwell
Batting: RHB Shihei Kichikawa 0-0: Called Strike
0-1: Ball
1-1: DOUBLE (Line Drive, 7LS)
Batting: RHB Sun-jae Kwak 0-0: Called Strike
0-1: Ball
1-1: Swinging Strike
1-2: Fly out, F4 (Line Drive, 4)
Now at 2B: Sam Quint
Batting: LHB Ruud van Ineveld 0-0: Ball
1-0: Called Strike
1-1: Foul Ball, location: 2F
1-2: Ball
Wild Pitch!
Shihei Kichikawa to third
2-2: Foul Ball, location: 2F
2-2: Ball
3-2: Strikes out swinging
Batting: RHB Sake van Arem 0-0: Hit by Pitch
Batting: RHB Baldomero Avino 0-0: Ball
1-0: Called Strike
1-1: Swinging Strike
1-2: Ball
2-2: Ball
3-2: Base on Balls
Sake van Arem to second
Batting: LHB Victor Adams 0-0: GRAND SLAM HOME RUN (Flyball, 9D), Distance : 373 ft
Batting: LHB Ty Tomblin 0-0: Foul Ball, location: 2F
0-1: Foul Ball, location: 2F
0-2: Ball
1-2: SINGLE (Groundball, 3S) (infield hit)
Batting: RHB Ellis Greenham 0-0: Ground out 1-3 (Groundball, 13)
Top of the 3rd over - 4 runs, 3 hits, 0 errors, 1 left on base; Las Vegas 4 - Philadelphia 1776 1
BOTTOM OF THE 3RD
Philadelphia 1776 BC batting - Pitching for Las Vegas Flamingos : RHP Marvin Martin
Batting: SHB Sam Quint 0-0: Ball
1-0: Called Strike
1-1: Ball
2-1: Ball
3-1: SINGLE (Groundball, 4MD)
Batting: RHB Karl Blanke 0-0: Foul Ball, location: 2F
0-1: Ball
1-1: SINGLE (Groundball, 6MD)
Sam Quint to second
Batting: LHB Manoo Satyavrat 0-0: Ball
1-0: Called Strike
1-1: Foul Ball, location: 2F
1-2: Ball
2-2: Foul Ball, location: 2F
2-2: Foul Ball, location: 2F
2-2: Ball
3-2: 3-RUN HOME RUN (Flyball, 7LD), Distance : 348 ft
Batting: RHB Eddie Sachs 0-0: Called Strike
0-1: Ball
1-1: Ground out 5-3 (Groundball, 56S)
Batting: LHB Jake Grant 0-0: Ball
1-0: Ground out 5-3 (Groundball, 56S)
Batting: RHB Phil Moore 0-0: Ball
1-0: Called Strike
1-1: Called Strike
1-2: Strikes out looking
Bottom of the 3rd over - 3 runs, 3 hits, 0 errors, 0 left on base; Las Vegas 4 - Philadelphia 1776 4
TOP OF THE 4TH
Las Vegas Flamingos batting - Pitching for Philadelphia 1776 BC : RHP Bill Tugwell
Batting: SHB Takashi Noda 0-0: Ball
1-0: Swinging Strike
1-1: Ball
2-1: Ball
3-1: Swinging Strike
3-2: Strikes out swinging
Batting: RHB Shihei Kichikawa 0-0: Ball
1-0: Ball
2-0: Called Strike
2-1: Reached on error, E6 (Groundball, 6)
Batting: RHB Sun-jae Kwak 0-0: Ball
1-0: 2-RUN HOME RUN (Flyball, 7LD), Distance : 358 ft
Batting: LHB Ruud van Ineveld 0-0: Ground out 4-3 (Groundball, 4)
Batting: RHB Sake van Arem 0-0: Foul Ball, location: 2F
0-1: Ground out 6-3 (Groundball, 6)
Top of the 4th over - 2 runs, 1 hit, 1 error, 0 left on base; Las Vegas 6 - Philadelphia 1776 4
BOTTOM OF THE 4TH
Philadelphia 1776 BC batting - Pitching for Las Vegas Flamingos : RHP Marvin Martin
Batting: LHB Hai-feng Tang 0-0: Ball
1-0: Foul Ball, location: 2F
1-1: Ball
2-1: Foul Ball, location: 2F
2-2: Foul Ball, location: 2F
2-2: Foul Ball, location: 2F
2-2: Ground out 4-3 (Groundball, 4)
Batting: RHB Tim Burney 0-0: Ball
1-0: Ball
2-0: Called Strike
2-1: Fly out, F4 (Popup, 34D)
Batting: RHB Jesús Guzmán 0-0: Ball
1-0: Foul Ball, location: 2F
1-1: Ball
2-1: Ball
3-1: Ground out 6-3 (Groundball, 6)
Bottom of the 4th over - 0 runs, 0 hits, 0 errors, 0 left on base; Las Vegas 6 - Philadelphia 1776 4
TOP OF THE 5TH
Las Vegas Flamingos batting - Pitching for Philadelphia 1776 BC : RHP Bill Tugwell
Batting: RHB Baldomero Avino 0-0: Ball
1-0: Ball
2-0: Called Strike
2-1: Foul Ball, location: 2F
2-2: Foul Ball, location: 2F
2-2: Ball
3-2: Foul Ball, location: 2F
3-2: Ground out 6-3 (Groundball, 6)
Batting: LHB Victor Adams 0-0: Foul Ball, location: 2F
0-1: Swinging Strike
0-2: Ball
1-2: Foul Ball, location: 2F
1-2: Fly out, F4 (Popup, 4MS)
Batting: LHB Ty Tomblin 0-0: Ball
1-0: Ball
2-0: Foul Ball, location: 2F
2-1: Ball
3-1: Foul Ball, location: 2F
3-2: Foul Ball, location: 2F
3-2: Foul Ball, location: 2F
3-2: Strikes out swinging
Top of the 5th over - 0 runs, 0 hits, 0 errors, 0 left on base; Las Vegas 6 - Philadelphia 1776 4
BOTTOM OF THE 5TH
Philadelphia 1776 BC batting - Pitching for Las Vegas Flamingos : RHP Marvin Martin
Batting: SHB Sam Quint 0-0: Ball
1-0: SINGLE (Groundball, 4M) (infield hit)
Batting: RHB Karl Blanke 0-0: Ball
1-0: Foul Ball, location: 2F
1-1: Grounds into double play, 4-6-3 (Groundball, 4)
Batting: LHB Manoo Satyavrat 0-0: Ball
1-0: Called Strike
1-1: Foul Ball, location: 2F
1-2: Ground out 6-3 (Groundball, 6)
Bottom of the 5th over - 0 runs, 1 hit, 0 errors, 0 left on base; Las Vegas 6 - Philadelphia 1776 4
TOP OF THE 6TH
Las Vegas Flamingos batting - Pitching for Philadelphia 1776 BC : RHP Bill Tugwell
Batting: RHB Ellis Greenham 0-0: Ball
1-0: Called Strike
1-1: Foul Ball, location: 2F
1-2: Strikes out swinging
Batting: SHB Takashi Noda 0-0: Ball
1-0: Ball
2-0: Called Strike
2-1: Called Strike
2-2: SINGLE (Groundball, 4MD)
Batting: RHB Shihei Kichikawa Pickoff Throw to First - Out!
0-0: Ball
1-0: Called Strike
1-1: Fly out, F8 (Flyball, 78M)
Top of the 6th over - 0 runs, 1 hit, 0 errors, 0 left on base; Las Vegas 6 - Philadelphia 1776 4
BOTTOM OF THE 6TH
Philadelphia 1776 BC batting - Pitching for Las Vegas Flamingos : RHP Marvin Martin
Batting: RHB Eddie Sachs 0-0: Called Strike
0-1: Foul Ball, location: 2F
0-2: SINGLE (Groundball, 4D)
Batting: LHB Jake Grant 0-0: Ball
1-0: Called Strike
1-1: Ball
2-1: SINGLE (Line Drive, 89S)
Eddie Sachs to second
Batting: RHB Phil Moore 0-0: Called Strike
0-1: Bunted foul
0-2: Ball
1-2: Ball
2-2: Ball
3-2: Base on Balls
Eddie Sachs to third
Jake Grant to second
Pitching: RHP Esteban Ruíz
Batting: LHB Hai-feng Tang 0-0: Ball
1-0: Ball
2-0: Called Strike
2-1: Foul Ball, location: 2F
2-2: Ball
3-2: Foul Ball, location: 2F
3-2: Strikes out swinging
Batting: RHB Tim Burney 0-0: Swinging Strike
0-1: Called Strike
0-2: Ball
1-2: Strikes out looking
Batting: RHB Jesús Guzmán 0-0: Ball
1-0: Ball
2-0: Ball
3-0: Called Strike
3-1: Foul Ball, location: 2F
3-2: Foul Ball, location: 2F
3-2: DOUBLE (Line Drive, 89D)
Eddie Sachs scores
Jake Grant scores
Phil Moore to third
Phil Moore scores
Batting: SHB Sam Quint 0-0: Foul Ball, location: 2F
0-1: Fly out, F9 (Flyball, 9)
Bottom of the 6th over - 3 runs, 3 hits, 0 errors, 1 left on base; Las Vegas 6 - Philadelphia 1776 7
TOP OF THE 7TH
Las Vegas Flamingos batting - Pitching for Philadelphia 1776 BC : RHP Bill Tugwell
Batting: RHB Sun-jae Kwak 0-0: Called Strike
0-1: Foul Ball, location: 2F
0-2: Hit by Pitch
Batting: LHB Ruud van Ineveld 0-0: Called Strike
0-1: Foul Ball, location: 2F
0-2: Ball
1-2: Ball
2-2: Ball
3-2: Ground out 3-1 (Groundball, 34)
Sun-jae Kwak to second
Pitching: LHP Will Hoffman
Batting: RHB Sake van Arem 0-0: Ball
1-0: Ball
2-0: Fly out, F4 (Popup, 34)
Batting: RHB Baldomero Avino 0-0: Ball
1-0: Foul Ball, location: 2F
1-1: Ball
2-1: Fly out, F9 (Flyball, 89M)
Top of the 7th over - 0 runs, 0 hits, 0 errors, 1 left on base; Las Vegas 6 - Philadelphia 1776 7
BOTTOM OF THE 7TH
Philadelphia 1776 BC batting - Pitching for Las Vegas Flamingos : RHP Esteban Ruíz
Batting: RHB Karl Blanke 0-0: Ball
1-0: Ball
2-0: Called Strike
2-1: Fly out, F7 (Flyball, 7LM)
Batting: LHB Manoo Satyavrat 0-0: Ball
1-0: Swinging Strike
1-1: SINGLE (Flyball, 78M)
Batting: RHB Eddie Sachs 0-0: Ball
1-0: Foul Ball, location: 2F
1-1: Ball
Manoo Satyavrat is caught stealing 2nd base
2-1: Foul Ball, location: 2F
2-2: Ball
3-2: Foul Ball, location: 2F
3-2: SINGLE (Line Drive, 78S)
Batting: LHB Jake Grant 0-0: Ball
1-0: Called Strike
1-1: Swinging Strike
1-2: SINGLE (Groundball, 3D)
Eddie Sachs to second
Runner from 2nd tries for 3rd, SAFE, throw made at trailing runner, OUT!
Bottom of the 7th over - 0 runs, 3 hits, 0 errors, 1 left on base; Las Vegas 6 - Philadelphia 1776 7
TOP OF THE 8TH
Las Vegas Flamingos batting - Pitching for Philadelphia 1776 BC : LHP Will Hoffman
Batting: LHB Victor Adams 0-0: Called Strike
0-1: Ground out 5-3 (Groundball, 56)
Batting: LHB Ty Tomblin 0-0: Ball
1-0: Ball
2-0: Foul Ball, location: 2F
2-1: Fly out, F4 (Line Drive, 4)
Batting: RHB Ellis Greenham 0-0: Ball
1-0: Ball
2-0: Fly out, F9 (Flyball, 9D)
Top of the 8th over - 0 runs, 0 hits, 0 errors, 0 left on base; Las Vegas 6 - Philadelphia 1776 7
BOTTOM OF THE 8TH
Philadelphia 1776 BC batting - Pitching for Las Vegas Flamingos : RHP Esteban Ruíz
Batting: RHB Phil Moore 0-0: Ball
1-0: Ball
2-0: Fly out, F8 (Flyball, 8LD)
Batting: LHB Hai-feng Tang 0-0: Ball
1-0: Foul Ball, location: 2F
1-1: Ball
2-1: Ball
3-1: Called Strike
3-2: Strikes out swinging
Batting: RHB Tim Burney 0-0: Foul Ball, location: 2F
0-1: Called Strike
0-2: DOUBLE (Line Drive, 8LD)
Pinch Hitting: LHB José Rodríguez 0-0: Called Strike
0-1: Foul Ball, location: 2F
0-2: Ball
1-2: Foul Ball, location: 2F
1-2: Ground out 4-3 (Groundball, 4)
Bottom of the 8th over - 0 runs, 1 hit, 0 errors, 1 left on base; Las Vegas 6 - Philadelphia 1776 7
TOP OF THE 9TH
Las Vegas Flamingos batting - Pitching for Philadelphia 1776 BC : LHP Will Hoffman
Pitching: RHP Tony Solíz
Now in LF: José Rodríguez
Batting: SHB Takashi Noda 0-0: Ground out 5-3 (Groundball, 5L)
Pinch Hitting: RHB Xavier Hernández 0-0: Ball
1-0: Ground out 2-3 (Groundball, 2L)
Pinch Hitting: SHB Glyn Bolasky 0-0: Called Strike
0-1: Ball
1-1: Ball
2-1: Ball
3-1: Swinging Strike
3-2: Foul Ball, location: 2F
3-2: Foul Ball, location: 2F
3-2: Fly out, F8 (Flyball, 8LD)
Top of the 9th over - 0 runs, 0 hits, 0 errors, 0 left on base; Las Vegas 6 - Philadelphia 1776 7
Friday, March 29th, 2019 - OOTP Baseball 18.8 Build 76